 Dungeon Crawl Stone Soup version 0.32-a0-350-g4f4d228785 (webtiles) character file.

Game seed: 6587067392453759164

4699 AlmostDecent the Markself (level 10, 0/49 (52) HPs)
             Began as a Deep Elf Hunter on Feb 17, 2024.
             Was a Follower of Hepliaklqana.
             Slain by a killer bee (2 damage)
             ... on level 7 of the Dungeon.
             The game lasted 00:29:12 (7715 turns).

AlmostDecent the Markself (Deep Elf Hunter)         Turns: 7715, Time: 00:29:12

HP:   0/49 (52)     AC: 25    Str: 13    XL:     10   Next: 21%
MP:   12/12         EV:  0    Int: 17    God:    Hepliaklqana [*.....]
Gold: 325           SH:  0    Dex: 28    Spells: 9/9 levels left

rFire   . . .        G - +0 arbalest
rCold   . . .        (shield currently unavailable)
rNeg    . . .        y - +6 crystal plate armour "Kimenewo" {rElec Str+5}
rPois   .            C - +0 helmet "Reememe" {Int+2 Stlth+}
rElec   +            D - +0 cloak
rCorr   .            (no gloves)
SInv    .            (no boots)
Will    +....        (no amulet) Stlth
                     d - +6 ring of dexterity
HPRegen 0.28/turn    u - +4 ring of slaying
MPRegen 0.13/turn

%: no passive effects
@: lethally poisoned (0 -> -4), hasted, drained, very quick
A: reduced essence
a: Renounce Religion, Recall Ancestor, Ancestor Identity


You were on level 7 of the Dungeon.
You worshipped Hepliaklqana.
Hepliaklqana was aware of your devotion.
You visited 2 branches of the dungeon, and saw 9 of its levels.
You also visited: Sewer.

You collected 600 gold pieces.
You spent 275 gold pieces at shops.

Inventory:

Hand Weapons
 e - a +2 scimitar of electrocution
 w - the +8 hand axe of the Establishment {protect, Int+5 SInv}
   (You found it on level 4 of the Dungeon)

   Int+5:     It affects your intelligence (+5).
   SInv:      It lets you see invisible.
 G - a +0 arbalest (weapon)
Missiles
 k - a throwing net
Armour
 j - a +3 ring mail of cold resistance
 y - the +6 crystal plate armour "Kimenewo" (worn) {rElec Str+5}
   (You found it in a sewer)

   Str+5:     It affects your strength (+5).
   rElec:     It insulates you from electricity.
 C - the +0 helmet "Reememe" (worn) {Int+2 Stlth+}
   (You bought it in a shop on level 5 of the Dungeon)

   Int+2:     It affects your intelligence (+2).
   Stlth+:    It makes you more stealthy.
 D - a +0 cloak (worn)
Jewellery
 c - a ring of ice
 d - a +6 ring of dexterity (left hand)
 q - a +5 ring of evasion
 s - a +4 ring of slaying
 t - a ring of fire
 u - a +4 ring of slaying (right hand)
 J - a +6 ring of intelligence
Talismans
 g - a blade talisman
Wands
 f - a wand of paralysis (20)
 A - a wand of iceblast (15)
 E - a wand of acid (7)
 H - a wand of mindburst (18)
Scrolls
 b - a scroll of butterflies
 h - a scroll of revelation
 i - a scroll of fog
 m - 2 scrolls of enchant weapon
 n - 2 scrolls of noise
 v - 2 scrolls of enchant armour
 B - 2 scrolls of identify
 F - a scroll of amnesia
Potions
 a - 2 potions of haste
 l - 2 potions of attraction
 p - a potion of invisibility
 r - 2 potions of brilliance
 x - a potion of mutation


   Skills:
 + Level 4.6 Fighting
 + Level 0.1(0.4) Short Blades
 + Level 0.6(0.7) Long Blades
 + Level 2.5 Axes
 * Level 16.0 Ranged Weapons
 + Level 4.9 Armour
 + Level 2.9 Dodging
 + Level 1.5 Stealth


You had 9 spell levels left.
You didn't know any spells.
Your spell library contained the following spells:

 Spells                   Type           Power      Damage    Failure   Level
 Sting                    Conj/Alch      0%         1d3       100%        1
 Mercury Vapours          Alch/Air       0%         N/A       100%        2
 Scorch                   Fire           0%         2d5       100%        2
 Volatile Blastmotes      Fire/Tloc      0%         2d10      100%        3
 Flame Wave               Conj/Fire      0%         2d4       100%        4
 Fulminant Prism          Conj/Alch      0%         3d5       100%        4
 Iskenderun's Mystic Bla  Conj/Tloc      0%         2d3       100%        4
 Olgreb's Toxic Radiance  Alch           0%         N/A       100%        4
 Summon Cactus Giant      Summ           0%         N/A       100%        6


Dungeon Overview and Level Annotations

Branches:
Dungeon (8/15)             Temple (1/1) D:6           Sewer (visited)
   Lair: D:8-11

Altars:
Cheibriados
Elyvilon
Fedhas
Gozag
Hepliaklqana
Kikubaaqudgha
Makhleb
Nemelex Xobeh
Qazlal
Ru
Sif Muna
Trog
Uskayaw
Vehumet
Wu Jian
Yredelemnul
Zin
The Shining One

Shops:
D:5 (?*

Annotations:
D:7 2 transporters, timneilson's ghost, novice OpSh


Message History

You are too injured to fight recklessly!
Fire: G) +0 arbalest
Press: ? - help, Q - select action, (/) - cycle Shift-Dir - straight line, f - killer bee
Aim: a killer bee (wandering, hasn't noticed you, 55% to hit)
You shoot a bolt. The bolt barely misses the killer bee.
The killer bee buzzes angrily.
A killer bee comes into view. x2
Fire: G) +0 arbalest
Press: ? - help, Q - select action, (/) - cycle Shift-Dir - straight line, f/p - killer bee
Aim: a killer bee (55% to hit)
Okay, then.
The killer bee buzzes angrily.
A killer bee comes into view.
There is an open door here.
The killer bee attacks as it pursues you!
The killer bee stings you but does no damage.
The killer bee attacks as it pursues you!
The killer bee stings you but does no damage.
The killer bee stings you.
* * * LOW HITPOINT WARNING * * *
You are poisoned.
The killer bee poisons you!
* * * LOW HITPOINT WARNING * * *
You feel sick.
The killer bee attacks as it pursues you!
The killer bee stings you but does no damage.
There is an escape hatch in the ceiling here.
You feel sick. The killer bee stings you.
* * * LOW HITPOINT WARNING * * *
A mysterious force pulls you upwards. The hatch slams shut behind you.
Level annotation: 2 transporters, timneilson's ghost, novice OpSh
* * * LOW HITPOINT WARNING * * *
You feel sick.
It was a potion of magic.
Magic courses through your body.
* * * LOW HITPOINT WARNING * * *
You feel sick.
The killer bee stings you but does no damage.
The killer bee stings you.
You die...
Hepliaklqana delivers you to your ancestors.

............).........#.≈≈._.≈≈.#
####..........).....###.≈≈...≈§.#
#..................#.≈.≈≈≈.≈.#
#................###.≈.....≈§#
###................###..≈≈≈≈≈.§#
##...#######........#..#########.
........####......##..## #.##.
##©####........y.....## #....
5### #####.....@....# #.### ..
..W#..........########.# !.#.
.#...##.........'........#
##..#......#.........##########
..©..##..#.........#
...#.....#.........#
.###=..##.##.........# #..5W5...
#..........# ##### ##..........#


You could see a killer bee.

Vanquished Creatures
  The ghost of Skryme the Arsonist, a novice MDFE of Gozag (D:8)
  A troll (D:8)
  A hornet (D:8)
  4 yaks (D:8)
  Menkaure (D:7)
  Duvessa (D:6)
  A black bear (D:4)
  2 orc warriors
  A sky beast (D:7)
  2 ice beasts
  4 ogres
  A centaur (D:8)
  Blork the orc (D:5)
  A phantom (D:5)
  A kobold brigand (D:8)
  3 bullfrogs
  A water moccasin zombie (D:5)
  A wight (D:8)
  Dowan (D:6)
  3 killer bees (D:7)
  A howler monkey (D:4)
  A crimson imp (D:5)
  A jelly (D:3)
  4 orc priests (D:7)
  Crazy Yiuf (D:5)
  3 hounds
  3 iguanas
  6 orc wizards
  A howler monkey zombie (D:5)
  13 adders
  2 white imps (D:6)
  2 ufetubi (D:6)
  8 dart slugs
  2 ribbon worms
  25 orcs
  14 ball pythons
  4 bats
  6 endoplasms
  18 giant cockroaches
  6 goblins
  6 hobgoblins
  6 jackals
  6 quokkas
  15 frilled lizards
  10 kobolds
  2 rats
198 creatures vanquished.

Vanquished Creatures (collateral kills)
  A hornet (D:8)
  A centaur (D:8)
  2 kobolds (D:8)
4 creatures vanquished.

Vanquished Creatures (others)
  3 ancestors (D:8)
  3 foxfires (D:8)
6 creatures vanquished.

Grand Total: 208 creatures vanquished

Notes
Turn   | Place    | Note
-------+----------+-------------------------------------------
     0 | D:1      | AlmostDecent the Deep Elf Hunter began the quest for the
                  | Orb.
     0 | D:1      | Reached XP level 1. HP: 12/12 MP: 3/3
   123 | D:1      | Reached XP level 2. HP: 14/16 MP: 4/4
   177 | D:1      | Reached skill level 6 in Ranged Weapons
   415 | D:1      | Reached XP level 3. HP: 20/20 MP: 5/5
   910 | D:2      | Reached skill level 7 in Ranged Weapons
   965 | D:2      | Found a snail-covered altar of Cheibriados.
  1034 | D:2      | Reached XP level 4. HP: 26/26 MP: 6/6
  1798 | D:3      | Reached XP level 5. HP: 30/30 MP: 7/7
  1802 | D:3      | Reached skill level 8 in Ranged Weapons
  2443 | D:4      | Noticed a black bear
  2466 | D:4      | Killed a black bear
  2467 | D:4      | Reached skill level 9 in Ranged Weapons
  2467 | D:4      | Reached XP level 6. HP: 34/35 MP: 8/8
  2589 | D:4      | Identified the +8 hand axe of the Establishment {protect,
                  | Int+5 SInv}
  2594 | D:4      | Found a hide-covered altar of Uskayaw.
  2634 | D:4      | Found a glowing drain.
  2639 | Sewer    | Entered a sewer
  2827 | Sewer    | Reached skill level 10 in Ranged Weapons
  2864 | Sewer    | Reached skill level 1 in Armour
  2883 | Sewer    | Reached XP level 7. HP: 34/40 MP: 9/9
  3020 | Sewer    | Identified the +6 crystal plate armour "Kimenewo" {rElec
                  | Str+5}
  3604 | D:5      | Entered Level 5 of the Dungeon
  3612 | D:5      | Reached skill level 11 in Ranged Weapons
  3721 | D:5      | Found an ornate altar of the Wu Jian Council.
  3852 | D:5      | Noticed Blork the orc
  3868 | D:5      | Killed Blork the orc
  3992 | D:5      | Reached XP level 8. HP: 45/45 MP: 10/10
  4002 | D:5      | Found a basalt altar of Yredelemnul.
  4043 | D:5      | Reached skill level 12 in Ranged Weapons
  4196 | D:5      | Found Jyonweli's Weapon Shoppe.
  4234 | D:5      | Found Vaacaff's Magic Scroll Boutique.
  4239 | D:5      | Bought 2 scrolls of identify for 44 gold pieces
  4464 | D:5      | Found a burning altar of Makhleb.
  4545 | D:5      | HP: 1/46 [orc warrior/+0 flail (16)]
  4546 | D:5      | Paralysed by an orc warrior for 5 turns
  4784 | D:5      | Found Fial's Assorted Antiques.
  4789 | D:5      | Bought a scroll labelled UTIULUACZO for 22 gold pieces
  4789 | D:5      | Bought a heavily runed helmet for 209 gold pieces
  4789 | D:5      | Identified the +0 helmet "Reememe" {Int+2 Stlth+} (You
                  | bought it in a shop on level 5 of the Dungeon)
  4886 | D:5      | Found a runed translucent door.
  4887 | D:5      | Noticed Crazy Yiuf
  4893 | D:5      | Killed Crazy Yiuf
  5402 | D:6      | Reached skill level 13 in Ranged Weapons
  5664 | D:6      | Reached skill level 1 in Axes
  5790 | D:6      | Found a staircase to the Ecumenical Temple.
  5802 | Temple   | Entered the Ecumenical Temple
  5811 | Temple   | Became a worshipper of Hepliaklqana the Forgotten
  5865 | D:6      | Found a sacrificial altar of Ru.
  5871 | D:6      | Noticed Duvessa
  5871 | D:6      | Noticed Dowan
  5874 | D:6      | Killed Duvessa
  5875 | D:6      | Killed Dowan
  6274 | D:7      | Found a transporter.
  6279 | D:7      | Reached XP level 9. HP: 51/51 MP: 11/11
  6300 | D:7      | Noticed timneilson's ghost (novice OpSh)
  6403 | D:7      | Noticed Menkaure
  6405 | D:7      | Killed Menkaure
  6625 | D:7      | Reached skill level 14 in Ranged Weapons
  6665 | D:7      | Found a blossoming altar of Fedhas.
  6719 | D:7      | Found a transporter.
  7001 | D:7      | Reached * piety under Hepliaklqana
  7176 | D:8      | Reached skill level 15 in Ranged Weapons
  7288 | D:8      | Paralysed by a hornet for 1 turns
  7383 | D:8      | Noticed a troll
  7386 | D:8      | Killed a troll
  7390 | D:8      | Found a stormy altar of Qazlal.
  7390 | D:8      | Found a sparkling altar of Nemelex Xobeh.
  7397 | D:8      | Reached XP level 10. HP: 52/52 MP: 12/12
  7620 | D:8      | Found a runed translucent door.
  7639 | D:8      | Noticed Skryme's ghost (novice MDFE)
  7652 | D:8      | Killed Skryme's ghost
  7653 | D:8      | Reached skill level 16 in Ranged Weapons
  7690 | D:8      | Noticed a boulder beetle
  7715 | D:7      | HP: 2/49 [poisoned by a killer bee]
  7715 | D:7      | Slain by a killer bee

Illustrated notes

Levels and vault maps discovered:
D:1:      matt_arrival_refuge, layout_basic, minmay_misc_feat_columns,
          minivault_11, minmay_misc_feat_diagonals
D:2:      layout_basic, basic_altar
D:3:      layout_basic, serial_rivers, chequers_serial_rivers_small_a,
          chequers_serial_rivers_marsh, chequers_serial_rivers_small_a,
          chequers_serial_rivers_small_b
D:4:      layout_loops_ring, eat_drink_and_be_merry_uskayaw, serial_aquarium,
          aquarium_bridge_square [aquarium_subvault_window,
          aquarium_subvault_wall, aquarium_subvault_bridge,
          aquarium_subvault_bridge], aquarium_window_1, aquarium_window_corner,
          aquarium_window_1, aquarium_view_2d, aquarium_balcony_5b,
          aquarium_pool_four, mainiacjoe_sewer_entry_somewhere_in_here_1,
          minmay_tree_intersection
D:5:      layout_loops_ring, lemuel_doored_altar,
          lemuel_zombie_altar_yredelemnul, makhleb_grotto_becter, serial_shops,
          kennysheep_little_box, nicolae_shop_crystal,
          nicolae_shop_just_a_little_nook, uniq_crazy_yiuf_cottage,
          uniq_blork_the_orc
D:6:      layout_layer_cave, mainiacjoe_overflow_concentric_impassable,
          minmay_temple_entry_nine_rooms, uniq_duvessa
D:7:      layout_basic, mainiacjoe_overflow_paths, gammafunk_ghost_stat_death,
          corexii_leaking_fountain, kennysheep_generic_room_9, uniq_menkaure
D:8:      layout_basic, mainiacjoe_overflow_cross_hatched, jmf_multi_god_temple,
          ebering_ghost_reflecting_pool
Temple:   nicolae_temple_two_arcs

Skill      XL: |  1  2  3  4  5  6  7  8  9 10 |
---------------+-------------------------------+-----
Ranged Weapons | 6 7 9 10 11 13 15 16 | 16.0
Fighting       | 2 3 4 |  4.6
Armour         | 1 2 3 4 |  4.9
Axes           | 1 2 |  2.5
Short Blades   | |  0.1
Long Blades    | |  0.6
Dodging        | |  2.9
Stealth        | |  1.5

Action                     |  1- 3 |  4- 6 |  7- 9 | 10-12 || total
---------------------------+-------+-------+-------+-------++-------
  Melee: Dagger            |       |    28 |       |       ||    28
         Hand axe          |       |       |    42 |       ||    42
         Scimitar          |       |       |     3 |       ||     3
   Fire: Shortbow          |   108 |   217 |   108 |       ||   433
         Arbalest          |       |       |    92 |    14 ||   106
 Invoke: Ancestor Identity |       |       |     1 |       ||     1
    Use: Scroll            |       |    11 |    13 |     1 ||    25
         Potion            |       |     2 |     3 |     3 ||     8
 Armour: Leather armour    |    17 |       |       |       ||    17
         Ring mail         |     1 |    63 |    33 |       ||    97
         Crystal plate arm |       |       |   196 |    33 ||   229
  Dodge: Dodged            |    25 |    63 |    19 |     2 ||   109

Table legend: (Time is in decaauts)
 A = Elapsed time spent in this place.
 B = Non-inter-level travel time spent in this place.
 C = Inter-level travel time spent in this place.
 D = Time resting spent in this place.
 E = Time spent auto-exploring this place.
 F = Levels seen in this place.
 G = Mean time per level.
                   A        B        C        D        E       F      G
               +--------+--------+--------+--------+--------+-----+--------+
         Total |   7971 |   7694 |    277 |     33 |   6244 |  10 |  797.1 |
       Dungeon |   7518 |   7257 |    261 |     33 |   5964 |   8 |  939.8 |
        Temple |     18 |      2 |     16 |      0 |      0 |   1 |   18.0 |
         Sewer |    433 |    433 |      0 |      0 |    279 |   1 |  433.0 |
               +--------+--------+--------+--------+--------+-----+--------+

Top non-repeatable levels by time:
     D:5: 1331 daAuts
     D:6: 1153 daAuts
     D:7: 1145 daAuts
     D:2: 962 daAuts
     D:1: 860 daAuts
     D:4: 782 daAuts
     D:3: 658 daAuts
     D:8: 625 daAuts
   Sewer: 433 daAuts
  Temple: 18 daAuts
